 Dungeon Crawl Stone Soup version 0.17-a0-1767-gccbed74 (webtiles) character file.

113 Rationalist the Shield-Bearer (level 5, -2/42 HPs)
             Began as a Formicid Fighter on Sept 5, 2015.
             Killed from afar by Natasha (5 damage)
             ... with a magic dart
             ... on level 2 of the Dungeon.
             The game lasted 00:01:59 (1306 turns).

Rationalist the Shield-Bearer (Formicid Fighter)    Turns: 1306, Time: 00:01:59

Health: -2/42      AC:  7    Str: 26    XL:     5   Next: 17%
Magic:  5/5        EV:  8    Int:  7    God:
Gold:   80         SH: 10    Dex: 11    Spells: 0 memorised, 4 levels left

rFire  . . .     SeeInvis +     a - +0 war axe
rCold  . . .     Clarity  .     b - +0 scale mail
rNeg   . . .     SustAt   .     c - +0 shield
rPois  .         Gourm    .     (helmet unavailable)
rElec  .         Spirit   .     (no cloak)
rCorr  .         Warding  .     (no gloves)
rMut   .         Stasis   +     (no boots)
MR     .....                    (no amulet)
Stlth  ..........               (no ring)
                                (no ring)

@: mighty, not resistant to hostile enchantments, extremely unstealthy
A: permanent stasis, dig shafts and tunnels, four strong arms, antennae 3
a: Dig, Shaft Self


You were on level 2 of the Dungeon.
You were hungry.

You visited 1 branch of the dungeon, and saw 2 of its levels.

You collected 80 gold pieces.

Inventory:

Hand weapons
 a - a +0 war axe (weapon)
Missiles
 l - 17 bolts
Armour
 b - a +0 scale mail (worn)
 c - a +0 shield (worn)
Jewellery
 n - an uncursed amulet of the gourmand {unknown}
Scrolls
 f - a scroll of magic mapping {unknown}
 g - 2 scrolls of enchant weapon {unknown}
 j - 2 scrolls of random uselessness {unknown}
 k - a scroll of remove curse {unknown}
Potions
 i - a potion of flight {unknown}
Comestibles
 e - a bread ration
 m - a royal jelly


   Skills:
 + Level 4.1 Fighting
 + Level 2.6 Axes
 + Level 4.1 Armour
 + Level 1.0 Dodging
 + Level 4.3 Shields


You had 4 spell levels left.
You didn't know any spells.

Dungeon Overview and Level Annotations

Branches:
Dungeon (2/15)

Altars:
Okawaru
Yredelemnul

Annotations:
D:2 Natasha


Innate Abilities, Weirdness & Mutations

You are under a permanent stasis effect.
You can dig through walls and to a lower floor.
Your four strong arms can wield two-handed weapons with a shield.
You have a pair of large antennae on your head (SInv).


Message History

* * * LOW HITPOINT WARNING * * *
Drink which item? (? for menu, Esc to quit)
You feel very mighty all of a sudden. Natasha barely misses you.
You block the white imp's attack.
You barely miss Natasha.
Natasha is severely wounded.
You hit the white imp.
You kill the white imp!
Natasha casts a spell at you. The magic dart hits you!
* * * LOW HITPOINT WARNING * * *
You block the shadow imp's attack.
You closely miss Natasha.
Natasha is severely wounded.
You hit the shadow imp.
The shadow imp is moderately wounded.
The shadow imp disappears in a puff of smoke!
Natasha stares at you and mumbles some strange words.
The magic dart hits you!
You die...

#...####.†)..
###.# ##### ##.###
##...# #.#
#....###
######.### #......
..........# #...._
.######.#.. #..5.
.####...... #§h#
........... #@#
###...... #.#
###.###. #.#
######...# ## #.#
#......#####. #.#
##.###### #...
#.###..########.##
#.....#.........#
#.#####.......###
### #...<...###


You could see Natasha and a shadow imp.

Vanquished Creatures
  A giant frog (D:1)
  An adder (D:2)
  An ooze (D:2)
  A worm (D:2)
  3 giant geckos
  A bat (D:1)
  2 giant cockroaches (D:1)
  6 hobgoblins
  A ball python (D:1)
  A giant newt (D:2)
  3 goblins
  3 kobolds
  8 rats
32 creatures vanquished.

Notes
Turn   | Place    | Note
--------------------------------------------------------------
     0 | D:1      | Rationalist the Formicid Fighter began the quest for the Orb.
     0 | D:1      | Reached XP level 1. HP: 18/18 MP: 1/1
     9 | D:1      | Noticed a giant frog
    20 | D:1      | Killed a giant frog
    20 | D:1      | Reached skill level 4 in Fighting
    20 | D:1      | Reached XP level 2. HP: 14/25 MP: 2/2
    20 | D:1      | Reached XP level 3. HP: 16/30 MP: 3/3
    20 | D:1      | Reached XP level 4. HP: 19/37 MP: 4/4
   967 | D:2      | Found an iron altar of Okawaru.
  1020 | D:2      | Reached skill level 1 in Dodging
  1156 | D:2      | Reached XP level 5. HP: 38/42 MP: 5/5
  1292 | D:2      | Noticed Natasha
  1295 | D:2      | Found a basalt altar of Yredelemnul.
  1302 | D:2      | HP: 1/42 [white imp[Natasha] (4)]
  1306 | D:2      | Killed from afar by Natasha

Vault maps used:
D:1:      evilmike_arrival_come_back
D:2:      overflow_temple_1_default, okawaru_gym_becter, uniq_natasha

Action                   |  1- 3 |  4- 6 || total
-------------------------+-------+-------++-------
Melee: War axe           |     6 |    92 ||    98
 Abil: Dig               |     1 |     1 ||     2
  Use: Potion            |       |     2 ||     2
  Eat: Chunk             |       |     1 ||     1
